 Dungeon Crawl Stone Soup version 0.21-a0-81-gc5150db (webtiles) character file.

60 Lavandula the Skirmisher (level 3, 0/29 HPs)
             Began as a Mummy Arcane Marksman on June 23, 2017.
             Killed from afar by an orc wizard (5 damage)
             ... with a magic dart
             ... on level 3 of the Dungeon.
             The game lasted 00:09:49 (1668 turns).

Lavandula the Skirmisher (Mummy Arcane Marksman)    Turns: 1668, Time: 00:09:51

Health: 0/29       AC:  6    Str: 13    XL:     3   Next: 80%
Magic:  5/5        EV: 10    Int: 12    God:
Gold:   137        SH:  0    Dex: 13    Spells: 1/4 levels left

rFire    x . .     SeeInvis .   t - +0 short sword (venom)
rCold    + . .     Gourm    .   (no shield)
rNeg     + + +     Faith    .   m - +0 ring mail (curse)
rPois    ∞         Spirit   .   (no helmet)
rElec    .         Reflect  .   (no cloak)
rCorr    .         Harm     .   (no gloves)
MR       .....                  i - +0 pair of boots
Stlth    +.........             (no amulet)
HPRegen  0.09/turn              (no ring)
MPRegen  0.09/turn              (no ring)

@: slowed, very slow
A: no food or potions, fire vulnerability, cold resistance 1, negative energy
resistance 3, torment resistance, unbreathing
a: no special abilities


You were on level 3 of the Dungeon.
You were not hungry.

You visited 1 branch of the dungeon, and saw 3 of its levels.

You collected 137 gold pieces.

Inventory:

Hand Weapons
 l - a +0 whip
 t - a +0 short sword of venom (weapon)
 u - a +2 dagger of speed
 v - a +1 whip of venom
Missiles
 p - 51 stones (quivered)
Armour
 a - a +0 robe
 i - a +0 pair of boots (worn)
 k - a +0 leather armour
 m - a cursed +0 ring mail (worn)
Scrolls
 e - 4 scrolls of teleportation {unknown}
 f - a scroll of fog {unknown}
 g - a scroll of amnesia {unknown}
 h - 3 scrolls of identify {unknown}
 j - a scroll of enchant weapon {unknown}
 n - a scroll of noise {unknown}
 o - a scroll of remove curse {unknown}
 q - a scroll of recharging {unknown}
 r - a scroll of fear {unknown}
 s - a scroll of magic mapping {unknown}
 w - a scroll of immolation {unknown}
Books
 b - a book of Debilitation

   Spells                             Type                      Level
   a - Corona                         Hexes                        1
   b - Slow                           Hexes                        2
   c - Inner Flame                    Hexes/Fire                   3
   d - Portal Projectile              Hexes/Translocation          3
   e - Cause Fear                     Hexes                        4
   f - Leda's Liquefaction            Hexes/Earth                  4


   Skills:
 - Level 3.0 Fighting
 + Level 0.4 Short Blades
 - Level 2.1 Throwing
 - Level 1.5 Dodging
 - Level 1.3 Spellcasting
 - Level 2.8 Hexes


You had one spell level left.
You knew the following spells:

 Your Spells              Type           Power        Failure   Level  Hunger
a - Corona                Hex            #......      21%         1    N/A
b - Slow                  Hex            #.......     30%         2    N/A

Dungeon Overview and Level Annotations

Branches:
Dungeon (3/15)

Altars:
Ru
Wu Jian
Zin


Innate Abilities, Weirdness & Mutations

You do not eat or drink.
Your flesh is vulnerable to fire.
You are immune to poison.
Your flesh is cold resistant. (rC+)
You are immune to negative energy. (rN+++)
You are immune to unholy pain and torment.
You can survive without breathing.


Message History

The orc wizard hits you but does no damage.
The orc wizard casts a spell at you. The magic dart hits you!
* * * LOW HITPOINT WARNING * * *
The orc wizard hits you with a dagger of flaming.
* * * LOW HITPOINT WARNING * * *
The orc wizard burns you.
* * * LOW HITPOINT WARNING * * *
Okay, then.
The orc wizard hits you but does no damage.
You aren't carrying any items that you can evoke.
Unknown command.
Okay, then.
You hit the orc wizard but do no damage.
The orc wizard is poisoned.
The orc wizard is lightly wounded.
The orc wizard hits you but does no damage.
The orc wizard gestures at you while chanting.
The magic dart hits you!
You die...

#.. .#.# #..
###.#######
#..####..§.......
#..(.(((.........
##.####.#.#####.
#. #.#.## #.
#..#.###
#.####(###..#
#.....o.#@#.#
########o##.#
####.# #.# #.#
#.# # #.# .####
#.# # ####....<
#.# #.##........


You could see an orc wizard.

Vanquished Creatures
  An adder (D:2)
  2 worms (D:2)
  A dart slug (D:1)
  2 orcs (D:3)
  6 bats
  2 giant cockroaches (D:2)
  7 goblins
  6 hobgoblins (D:1)
  4 frilled lizards
  4 kobolds (D:2)
  8 rats
43 creatures vanquished.

Notes
Turn   | Place    | Note
-------+----------+-------------------------------------------
     0 | D:1      | Lavandula the Mummy Arcane Marksman began the quest for the Orb.
     0 | D:1      | Reached XP level 1. HP: 15/15 MP: 2/2
   271 | D:1      | Reached skill level 2 in Fighting
   271 | D:1      | Reached XP level 2. HP: 17/22 MP: 2/4
   295 | D:1      | Learned a level 2 spell: Slow
   731 | D:2      | Found a sacrificial altar of Ru.
   860 | D:2      | Reached XP level 3. HP: 28/28 MP: 3/5
  1169 | D:2      | Reached skill level 3 in Fighting
  1275 | D:2      | Found an ornate altar of the Wu Jian Council.
  1564 | D:2      | Found a glowing silver altar of Zin.
  1668 | D:3      | Killed from afar by an orc wizard

Vault maps used:
D:1:      co_arrival_square_in_a_square_in_a_square
D:2:      nicolae_overflow_hidden_temple, first_bread,
          nicolae_ru_sacrificial_ziggurat
D:3:      uniq_grinder, uniq_crazy_yiuf_cottage, uniq_ijyb

Skill      XL: |  1  2  3 |
---------------+----------+-----
Fighting       | 2 3 |  3.0
Throwing       | 2 |  2.1
Short Blades   | |  0.4
Dodging        | |  1.5
Spellcasting   | |  1.3
Hexes          | |  2.8

Action                   || total
-------------------------++-------
Melee: Dagger            ||   179
       Unarmed           ||     3
       Short sword       ||    19
Throw: Javelin           ||    13
       Throwing net      ||     2
 Cast: Corona            ||    36
       Slow              ||     1
 Stab: Distracted        ||     1
Armor: Robe              ||     4
       Ring mail         ||    70
       Leather armour    ||    15
Dodge: Dodged            ||   122
